 Dungeon Crawl Stone Soup version 0.21.1-1-g345015fe64 (webtiles) character file.

445 LilDood the Ruffian (level 6, -6/63 HPs)
             Began as a Troll Berserker on June 23, 2018.
             Was a Priest of Trog.
             Killed by divine providence
             ... invoked by an orc priest
              (9 damage)
             ... on level 4 of the Dungeon.
             The game lasted 00:15:16 (2815 turns).

LilDood the Ruffian (Troll Berserker)               Turns: 2815, Time: 00:15:17

Health: -6/63      AC:  5    Str: 27    XL:     6   Next: 72%
Magic:  5/5        EV: 10    Int:  4    God:    Trog [***...]
Gold:   142        SH:  0    Dex:  9    Spells: 5/5 levels left

rFire    . . .     SeeInvis .     - Unarmed
rCold    . . .     Gourm    +   (no shield)
rNeg     . . .     Faith    .   a - +0 animal skin
rPois    .         Spirit   .   (helmet restricted)
rElec    .         Reflect  .   (no cloak)
rCorr    .         Harm     .   (gloves unavailable)
MR       .....                  (boots unavailable)
Stlth    +.........             (no amulet)
HPRegen  0.60/turn              (no ring)
MPRegen  0.09/turn              (no ring)

@: berserk cooldown, slowed, very slow
A: large, unfitting armour, claws 3, fast metabolism 3, gourmand, regeneration
1, shaggy fur 1, tough skin 2
a: Berserk, Trog's Hand, Burn Spellbooks, Renounce Religion


You were on level 4 of the Dungeon.
You worshipped Trog.
Trog was most pleased with you.
You were not hungry.

You visited 1 branch of the dungeon, and saw 4 of its levels.

You collected 142 gold pieces.

Inventory:

Armour
 a - a +0 animal skin (worn)
 i - a +0 chain mail
 j - a +0 ring mail
 l - a cursed +0 pair of gloves
 m - a +0 pair of gloves
 s - a cursed +0 ring mail
Jewellery
 t - a cursed -6 ring of protection {unknown}
 w - an uncursed ring of protection from magic {unknown}
 x - an uncursed amulet of regeneration {unknown}
 B - an uncursed ring of protection from cold {unknown}
Wands
 u - a wand of digging (12)
 v - a wand of acid (5)
 y - a wand of random effects (15)
Scrolls
 e - a scroll of teleportation {unknown}
 g - 7 scrolls of identify {unknown}
 h - 2 scrolls of magic mapping {unknown}
 k - a scroll of enchant weapon {unknown}
 o - 2 scrolls of remove curse {unknown}
Potions
 c - a potion of curing {unknown}
 d - a potion of invisibility
 f - 3 potions of brilliance {unknown}
 n - a potion of mutation {unknown}
 p - a potion of haste
 q - 2 potions of degeneration {unknown}
 r - a potion of might {unknown}
 z - a potion of resistance {unknown}
 A - a potion of magic {unknown}
 C - a potion of heal wounds {unknown}
 D - a potion of ambrosia {unknown}
Comestibles
 b - 5 rations


   Skills:
 + Level 4.6 Fighting
 - Level 0.7 Armour
 - Level 2.7 Dodging
 + Level 5.6 Unarmed Combat


You had 5 spell levels left.
You didn't know any spells.

Dungeon Overview and Level Annotations

Branches:
Dungeon (4/15)
 Temple: D:4-7

Altars:
Dithmenos
Makhleb
The Shining One


Innate Abilities, Weirdness & Mutations

You are too large for most types of armour.
You have claws for hands.
Your metabolism is lightning-fast.
You like to eat raw meat.
Your natural rate of healing is unusually fast.
You are covered in fur. (AC +1)
You have very tough skin. (AC +2)


Message History

The orc priest invokes the aid of Beogh against you.
Beogh smites you!
* * * LOW HITPOINT WARNING * * *
The orc priest looks encouraged for a moment.
Your skin stops crawling.
You feel less resistant to hostile enchantments.
The orc priest hits you but does no damage.
The orc barely misses you. The orc priest hits you with a war axe.
The orc hits you but does no damage. The orc priest barely misses you.
The orc priest calls down the wrath of Beogh upon you.
Pain shoots through your body!
* * * LOW HITPOINT WARNING * * *
The orc hits you but does no damage.
The orc priest invokes the aid of Beogh against you.
Beogh smites you!
* * * LOW HITPOINT WARNING * * *
The orc barely misses you.
The orc priest invokes the aid of Beogh against you.
Beogh smites you!
You die...

.......>....# #.........#..
#####.##....######.####.#.#
#.##......# #. #.###
#.........# ###. #.#
########......# #.##.#
#.......##....######.##.#
#######.##....##...#.##.#
#..........#.#.#.##.#
###.#.......@#.#.##.#
#...#......o##.#.##.#
#####...............#
#.....#o##.#.####
#.#...#.##...###
####.#.........)..#
#.................#
#....#.......[....#
#....#............#


You could see an orc priest and an orc.

Vanquished Creatures
  A bullfrog (D:2)
  A hound (D:4)
  3 orc priests
  2 orc wizards
  2 worker ants (D:4)
  Robin (D:3)
  4 gnolls
  2 adders (D:2)
  An ooze (D:2)
  A worm (D:3)
  A dart slug (D:1)
  7 leopard geckos
  5 orcs
  3 ball pythons
  4 bats
  A giant cockroach (D:1)
  16 goblins
  10 hobgoblins
  3 jackals (D:1)
  2 frilled lizards
  8 kobolds
  A leopard gecko skeleton (D:4)
  11 rats
90 creatures vanquished.

Notes
Turn   | Place    | Note
-------+----------+-------------------------------------------
     0 | D:1      | LilDood the Troll Berserker began the quest for the Orb.
     0 | D:1      | Reached XP level 1. HP: 22/22 MP: 0/0
   258 | D:1      | Reached XP level 2. HP: 29/29 MP: 1/1
   513 | D:1      | Reached ** piety under Trog
   581 | D:1      | Reached XP level 3. HP: 36/36 MP: 2/2
  1082 | D:2      | Noticed a bullfrog
  1113 | D:2      | Killed a bullfrog
  1113 | D:2      | Reached skill level 4 in Unarmed Combat
  1113 | D:2      | Reached XP level 4. HP: 15/45 MP: 3/3
  1173 | D:2      | Found a glowing golden altar of the Shining One.
  1793 | D:3      | Found a shadowy altar of Dithmenos.
  1920 | D:3      | Reached XP level 5. HP: 53/53 MP: 4/4
  2124 | D:3      | Noticed Robin
  2131 | D:3      | Killed Robin
  2142 | D:3      | Reached *** piety under Trog
  2212 | D:3      | Found a burning altar of Makhleb.
  2237 | D:3      | Reached skill level 5 in Unarmed Combat
  2244 | D:3      | Reached XP level 6. HP: 62/62 MP: 5/5
  2814 | D:4      | HP: 3/63 [orc priest/divine providence (14)]
  2815 | D:4      | Killed from afar by an orc priest

Skill      XL: |  1  2  3  4  5 |
---------------+----------------+-----
Fighting       | 3 4 |  4.6
Unarmed Combat | 4 5 |  5.6
Armour         | |  0.7
Dodging        | |  2.7

Action                   |  1- 3 |  4- 6 || total
-------------------------+-------+-------++-------
Melee: Unarmed           |    90 |   153 ||   243
       Punch             |     1 |     3 ||     4
Invok: Trog's Hand       |     1 |     1 ||     2
       Berserk           |       |     4 ||     4
  Use: Potion            |     1 |       ||     1
 Stab: Invisible         |       |     1 ||     1
  Eat: Chunk             |     7 |    24 ||    31
Armor: Animal skin       |    22 |    56 ||    78
Dodge: Dodged            |    41 |    75 ||   116
